 Dungeon Crawl Stone Soup version 0.20.1-1-g8b1a95d (webtiles) character file.

70 Jazqa the Cudgeler (level 4, -9/44 HPs)
             Began as a Naga Fighter on Oct 28, 2017.
             Mangled by a gnoll
             ... wielding a +0 flail
              (11 damage)
             ... on level 2 of the Dungeon.
             The game lasted 00:02:31 (1101 turns).

Jazqa the Cudgeler (Naga Fighter)                   Turns: 1101, Time: 00:02:32

Health: -9/44      AC:  4    Str: 20    XL:     4   Next: 21%
Magic:  4/4        EV:  5    Int:  8    God:
Gold:   117        SH:  8    Dex: 10    Spells: 3/3 levels left

rFire    . . .     SeeInvis +   o - +1 whip (freeze)
rCold    . . .     Gourm    .   c - +0 shield
rNeg     . . .     Faith    .   b - +0 scale mail
rPois    +         Spirit   .   (no helmet)
rElec    .         Reflect  .   (no cloak)
rCorr    .         Harm     .   (no gloves)
MR       .....                  (no barding)
Stlth    ..........             (no amulet)
Regen    0.2/turn               (no ring)
MPRegen  0.1/turn               (no ring)

@: very slightly contaminated, invisible, very slow
A: see invisible, deformed body, poison resistance, slowness 2, slow metabolism
1, spit poison 1, AC +1
a: Spit Poison


You were on level 2 of the Dungeon.
You were not hungry.

You visited 1 branch of the dungeon, and saw 2 of its levels.

You collected 117 gold pieces.


Innate Abilities, Weirdness & Mutations

You cannot wear boots.
Your serpentine skin is tough. (AC +1)
You have supernaturally acute eyesight. (SInv)
Armour fits poorly on your strangely shaped body.
Your system is resistant to poisons. (rPois)
You cover ground very slowly.
You have a slow metabolism.
You can spit poison.


   Skills:
 + Level 3.7 Fighting
 + Level 3.7 Maces & Flails
 - Level 2.4 Armour
 - Level 2.4 Shields


You had 3 spell levels left.
You didn't know any spells.

Inventory:

Hand Weapons
 o - a +1 whip of freezing (weapon)
Armour
 b - a +0 scale mail (worn)
 c - a +0 shield (worn)
Scrolls
 e - a scroll of amnesia {unknown}
 h - a scroll of recharging {unknown}
 i - a scroll of remove curse {unknown}
 k - a scroll of random uselessness {unknown}
Comestibles
 d - 5 chunks of flesh
 f - 2 bread rations {@e1}
 g - a meat ration {@e1}
 j - a royal jelly {@e3}
 n - 2 fruits {@e2}

Dungeon Overview and Level Annotations

Branches:
Dungeon (2/15)

Altars:

#.##.....####..
#######.#........####
.....................
.###########.#......#.####
.............#......#'####
.########......####.......
#.....g.#..# #.......
#.###g#.#..# ##.......
######.# #@#.#..#
#........ #......#
#.#.#... #........
#.#....#
#<#.#....#........
#.#....#
#.#......#........
#.'....#
#####...##........
###....# . #........
#....# #.#### #.......#
##'######....# #####....
#...........# #....


You could see 2 gnolls.


Message History

The gnoll is almost dead.
You block the gnoll's attack. The gnoll hits you but does no damage.
The gnoll closely misses you.
You hit the gnoll. You freeze the gnoll.
You kill the gnoll!
The gnoll hits you from afar with a halberd!
* * * LOW HITPOINT WARNING * * *
The gnoll hits you.
* * * LOW HITPOINT WARNING * * *
You fade into invisibility!
The gnoll barely misses you. x2
You are very lightly contaminated with residual magic.
You see here a flail.
The gnoll barely misses you. The gnoll hits you but does no damage.
The gnoll hits you.
* * * LOW HITPOINT WARNING * * *
Okay, then.
You block the gnoll's attack. You block the gnoll's attack.
The gnoll hits you with a flail.
* * * LOW HITPOINT WARNING * * *
The gnoll barely misses you.
The gnoll falls through a shaft!
The shaft crumbles and collapses.
The gnoll hits you with a flail.
* * * LOW HITPOINT WARNING * * *
You block the gnoll's attack. The gnoll barely misses you.
The gnoll hits you with a flail!
You die...

Skill      XL: |  1  2 |
---------------+-------+-----
Maces & Flails | 3 |  3.7
Fighting       | |  3.7
Armour         | |  2.4
Shields        | |  2.4

Action                   |  1- 3 |  4- 6 || total
-------------------------+-------+-------++-------
Melee: Flail             |    98 |       ||    98
       Whip              |    42 |    15 ||    57
  Use: Potion            |     1 |     2 ||     3
       Scroll            |     2 |       ||     2
Armor: Scale mail        |    68 |    11 ||    79
Dodge: Dodged            |    37 |     8 ||    45
Block: Shield            |    76 |    16 ||    92

Vault maps used:
D:1:      noname_arrival_rooms_in_the_neighbourhood

Notes
Turn   | Place    | Note
-------+----------+-------------------------------------------
     0 | D:1      | Jazqa the Naga Fighter began the quest for the Orb.
     0 | D:1      | Reached XP level 1. HP: 21/21 MP: 1/1
    28 | D:1      | Reached XP level 2. HP: 12/28 MP: 2/2
   314 | D:1      | Reached skill level 3 in Maces & Flails
   341 | D:1      | Reached XP level 3. HP: 22/34 MP: 3/3
  1015 | D:2      | Reached XP level 4. HP: 41/43 MP: 4/4
  1096 | D:2      | HP: 1/44 [gnoll/flail (6)]
  1101 | D:2      | Mangled by a gnoll

Vanquished Creatures
  A gnoll (D:2)
  A worm (D:2)
  6 dart slugs (D:1)
  A leopard gecko (D:1)
  4 giant cockroaches
  5 goblins (D:1)
  6 hobgoblins
  7 jackals
  4 bats
  3 frilled lizards (D:1)
  2 kobolds (D:1)
  2 rats (D:1)
42 creatures vanquished.
